Map: Dusk Towers

Players

iNiQuitY - Winner!

  • Race: Terran Terran
  • League: Gold

MotherMoose

  • Race: Protoss Protoss
  • League: Gold

VOD

Have the link to the VOD?

Description

Time

  • Played on: Feb. 17, 2016, 8:16 p.m.
  • Length: 19:00
Show
View Real Time Build Order
Export as new Build Order

iNiQuitY Terran - Winner!

Build Orders: Reaper Expand, Bio Tank 

Get SALT Encoding   

  12  0:01  SCV  
  13  0:13  SCV  
  14  0:17  Supply Depot  
  14  0:25  SCV  
  15  0:39  SCV  
  15  0:40  Barracks  
  16  0:44  Refinery  
  16  0:51  SCV  
  17  1:03  SCV  
  18  1:15  SCV  
  19  1:27  Reaper  
  19  1:28  Orbital Command  
  20  1:43  Command Center  
  20  1:59  SCV  
  21  2:02  Supply Depot  
  21  2:11  SCV  
  21  2:12  Barracks Reactor  
  22  2:21  Barracks  
  22  2:23  SCV  
  22  2:24  Refinery  
  23  2:35  SCV  
  23  2:36  Factory  
  24  2:47  SCV  
  25  2:51  Marine x2  
  27  2:58  Orbital Command  
  27  2:59  SCV  
  28  3:09  Marine x2  
  28  3:12  SCV  
  30  3:20  Barracks Tech Lab  
  30  3:21  Factory Tech Lab  
  30  3:24  SCV  
  30  3:26  Starport  
  31  3:27  SCV, Marine x2  
  34  3:36  SCV  
  34  3:40  SCV, Marine  
  37  3:44  Marine  
  37  3:45  Marine  
  37  3:48  SCV  
  40  3:51  Engineering Bay  
  40  3:52  SCV  
  41  3:57  Marine  
  41  4:00  SCV  
  41  4:02  Marine x2  
  43  4:04  SCV  
  43  4:05  Supply Depot  
  46  4:14  Supply Depot  
  46  4:21  Supply Depot  
  46  4:26  SCV x2, Siege Tank, Medivac  
  46  4:28  Stimpack  
  46  4:29  Marine  
  54  4:37  Refinery  
  54  4:38  SCV x2  
  54  4:42  Supply Depot  
  54  4:43  Marine  
  54  4:44  Marine  
  58  4:47  Marine  
  59  4:54  SCV x2, Barracks  
  59  4:57  Supply Depot  
  61  5:06  SCV x2  
  63  5:13  Marine x2  
  65  5:14  Marine  
  65  5:15  Siege Tank, Medivac  
  65  5:17  Terran Infantry Weapons Level 1  
  65  5:18  SCV x2  
  73  5:22  Supply Depot  
  73  5:30  SCV x2, Marine  
  73  5:31  Marine  
  73  5:32  Marine  
  78  5:42  SCV  
  78  5:43  SCV, Barracks  
  78  5:45  Refinery, Medivac  
  82  5:55  SCV x2  
  83  5:58  Barracks Reactor  
  83  6:01  Marine x3  
  83  6:03  Siege Tank  
  89  6:07  SCV x2  
  91  6:15  Medivac  
  93  6:18  Marine  
  94  6:27  Command Center  
  94  6:32  Supply Depot  
  94  6:33  Supply Depot  
  94  6:47  SCV x2  
  90  6:59  SCV x2  
  81  7:05  Marine  
  81  7:06  Barracks Reactor, Marine  
  81  7:07  Marauder, Combat Shields  
  81  7:08  Marine x2  
  86  7:09  Siege Tank, Medivac  
  86  7:11  Terran Infantry Armor Level 1, SCV x2  
  94  7:23  SCV x2  
  89  7:47  Marine  
  89  7:48  Marine x6  
  89  7:50  Siege Tank, Medivac  
  100  7:51  SCV x2  
  100  7:54  Orbital Command  
  102  8:01  Engineering Bay  
  102  8:03  SCV x2  
  102  8:05  Supply Depot, Marine  
  104  8:07  Armory, Barracks  
  104  8:08  Supply Depot  
  105  8:15  SCV x2  
  100  8:20  Medivac  
  100  8:22  Siege Tank  
  100  8:23  Marine x7  
  103  8:34  SCV  
  103  8:41  Marine x7  
  107  8:50  SCV x3, Medivac  
  107  8:54  Siege Tank  
  115  8:56  Barracks Reactor  
  115  8:57  Terran Infantry Weapons Level 2  
  115  9:02  Supply Depot, SCV x3  
  118  9:06  Supply Depot  
  116  9:14  SCV x2  
  116  9:15  SCV, Marine  
  116  9:16  Marine x5  
  125  9:18  Marauder  
  125  9:20  Medivac  
  129  9:26  SCV x2, Siege Tank  
  129  9:27  SCV  
  134  9:33  Marine x2  
  134  9:34  Marine x4  
  140  9:39  Marauder, SCV x2  
  140  9:40  SCV  
  140  9:44  Marine  
  140  9:45  Marine  
  147  9:50  Medivac  
  147  9:51  Marine x3  
  147  9:52  Marine x2  
  140  9:58  Siege Tank  
  140  10:00  Marine  
  141  10:09  Factory  
  141  10:11  Command Center, SCV x3  
  141  10:12  Terran Infantry Armor Level 2  
  141  10:14  Barracks, Marine x4  
  144  10:15  Barracks, Marine  
  144  10:16  Marine  
  144  10:18  Marauder  
  152  10:21  Refinery  
  152  10:23  SCV x3  
  152  10:24  Refinery  
  155  10:40  SCV x2  
  157  10:47  Supply Depot  
  157  10:48  Supply Depot  
  157  10:49  Supply Depot  
  157  11:06  Factory Reactor  
  157  11:07  Barracks Reactor  
  157  11:09  SCV x2, Marine x6  
  157  11:10  Marauder, Viking, SCV  
  170  11:11  Marine x2  
  170  11:15  Barracks Tech Lab  
  172  11:21  SCV x2  
  172  11:22  SCV  
  172  11:23  Terran Infantry Weapons Level 3  
  175  11:27  Marine x4  
  175  11:29  Marine x2  
  175  11:32  Marauder, Orbital Command  
  183  11:33  SCV x2  
  183  11:34  SCV  
  183  11:35  Missile Turret  
  186  11:40  Viking  
  186  11:42  Missile Turret  
  188  11:48  SCV x2  
  188  11:49  SCV  
  166  12:00  SCV  
  166  12:01  SCV x2  
  158  12:03  SCV  
  158  12:04  Marine x6  
  158  12:05  Marauder x2, Marine x4  
  170  12:13  Starport Reactor, SCV x3  
  170  12:15  SCV  
  174  12:22  Marine x3  
  177  12:25  SCV x3  
  177  12:26  Missile Turret x2  
  177  12:27  Marauder, SCV  
  177  12:28  Missile Turret  
  183  12:41  SCV x4  
  187  13:01  SCV x4  
  187  13:03  Marauder x2  
  187  13:04  Marine  
  196  13:09  Supply Depot  
  196  13:11  Supply Depot  
  196  13:12  Refinery, Marine  
  196  13:13  Refinery  
  196  13:30  SCV, Marine  
  196  13:31  Marauder  
  200  14:14  Terran Infantry Armor Level 3  
  200  14:16  Terran Vehicle Weapons Level 1  
  200  14:39  Missile Turret  
  200  14:40  Command Center, Missile Turret  
  200  14:43  Missile Turret  
  200  14:44  Missile Turret x3  
  200  14:45  Missile Turret x2  
  200  14:49  Missile Turret  
  200  14:50  Missile Turret  
  200  14:51  Missile Turret  
  200  15:03  Viking x2, Marine x3  
  200  15:04  Marauder  
  200  15:10  Marine  
  200  15:33  Viking x2  
  144  15:51  Marauder x2, Marine x10  
  131  16:08  Marine  
  131  16:09  Marine x9  
  125  16:12  Marauder x2  
  115  16:20  Orbital Command  
  115  16:21  SCV x3  
  108  16:26  Marine x3  
  108  16:27  Marine x7  
  108  16:30  Widow Mine x3  
  108  16:32  Medivac x2  
  122  16:33  SCV x3, Marauder  
  122  16:34  Marauder  
  127  16:44  Marine x10  
  113  16:54  Marine  
  113  16:55  Marauder  
  113  16:58  Widow Mine  
  113  17:00  SCV x4  
  115  17:02  Marine x10, Medivac x2  
  127  17:12  SCV x4  
  127  17:13  Marauder  
  132  17:16  Marauder  
  132  17:20  Marine x10  
  142  17:34  Marauder  
  142  17:37  Marine  
  142  17:38  Marauder, Marine x9  
  142  17:39  Orbital Command  
  154  17:55  Marine x2  
  154  17:56  SCV x3, Marauder, Marine x8  
  169  17:59  Marauder  
  169  18:02  Refinery  
  169  18:03  Refinery  
  171  18:08  SCV x3  
  174  18:13  SCV, Marine x4  
  179  18:20  SCV x2  
  179  18:21  SCV  
  179  18:25  Marine  
  179  18:26  Marine x7  
  190  18:31  Marine x4  
Show
View Real Time Build Order
Export as new Build Order

MotherMoose Protoss 

Build Orders: Nexus First, Colossus Rush 

Get SALT Encoding   

  12  0:01  Probe (Chrono Boost)  
  13  0:12  Probe (Chrono Boost)  
  14  0:19  Pylon  
  14  0:23  Probe (Chrono Boost)  
  15  0:37  Probe (Chrono Boost)  
  16  0:59  Nexus  
  16  1:01  Probe (Chrono Boost)  
  17  1:11  Gateway  
  17  1:12  Probe (Chrono Boost)  
  18  1:19  Assimilator  
  18  1:23  Assimilator  
  19  1:25  Probe (Chrono Boost)  
  19  1:36  Probe (Chrono Boost)  
  20  1:46  Probe (Chrono Boost)  
  21  1:55  Pylon  
  21  1:57  Probe (Chrono Boost)  
  21  2:01  Cybernetics Core  
  22  2:08  Probe (Chrono Boost)  
  23  2:18  Probe x2 (Chrono Boost)  
  24  2:28  Probe (Chrono Boost)  
  25  2:31  Gateway  
  25  2:34  Probe (Chrono Boost)  
  26  2:38  Warp Gate  
  26  2:39  Mothership Core (Chrono Boost)  
  26  2:43  Stalker  
  30  2:45  Probe (Chrono Boost)  
  31  2:56  Probe (Chrono Boost)  
  31  2:57  Probe (Chrono Boost)  
  33  3:07  Probe (Chrono Boost)  
  33  3:10  Robotics Facility  
  34  3:14  Probe (Chrono Boost)  
  34  3:17  Probe (Chrono Boost)  
  36  3:25  Gateway  
  36  3:27  Probe (Chrono Boost), Pylon  
  37  3:37  Probe (Chrono Boost)  
  37  3:38  Probe (Chrono Boost)  
  39  3:41  Pylon  
  39  3:44  Assimilator  
  39  3:47  Probe (Chrono Boost), Assimilator  
  40  3:51  Twilight Council  
  40  3:53  Probe (Chrono Boost)  
  41  3:58  Observer  
  42  4:03  Probe x2 (Chrono Boost)  
  42  4:09  Stalker  
  46  4:12  Stalker  
  46  4:13  Stalker  
  46  4:16  Probe x2 (Chrono Boost)  
  52  4:26  Robotics Bay  
  52  4:27  Probe (Chrono Boost), Observer  
  54  4:36  Probe (Chrono Boost)  
  55  4:39  Probe (Chrono Boost)  
  56  4:45  Nexus  
  56  4:49  Pylon  
  56  4:54  Charge  
  56  4:56  Probe (Chrono Boost)  
  56  4:59  Probe (Chrono Boost)  
  58  5:02  Observer  
  58  5:07  Probe (Chrono Boost)  
  60  5:10  Probe (Chrono Boost), Forge  
  60  5:11  Pylon  
  61  5:17  Probe (Chrono Boost)  
  61  5:19  Stalker  
  64  5:21  Probe (Chrono Boost)  
  64  5:23  Stalker  
  64  5:27  Stalker  
  69  5:32  Probe (Chrono Boost)  
  69  5:33  Probe (Chrono Boost)  
  71  5:38  Colossus  
  77  5:52  Probe (Chrono Boost)  
  78  5:57  Probe (Chrono Boost)  
  78  6:02  Pylon x2  
  78  6:03  Probe x2 (Chrono Boost)  
  81  6:04  Pylon  
  81  6:05  Stalker x2  
  81  6:09  Extended Thermal Lance (Chrono Boost)  
  85  6:12  Protoss Ground Weapons Level 1  
  85  6:13  Probe  
  85  6:14  Probe  
  85  6:15  Probe  
  88  6:20  Assimilator  
  88  6:38  Probe x2  
  88  6:39  Probe  
  91  6:41  Colossus  
  87  6:58  Stalker x2  
  87  6:59  Stalker  
  87  7:07  Probe x2  
  87  7:09  Probe  
  90  7:19  Gateway  
  90  7:20  Gateway  
  90  7:23  Pylon  
  90  7:26  Pylon  
  90  7:27  Gateway  
  90  7:29  Zealot x3, Gateway  
  92  7:31  Gateway  
  88  7:44  Colossus (Chrono Boost)  
  78  7:50  Zealot x3  
  66  8:16  Zealot  
  66  8:17  Zealot x4  
  66  8:39  Stalker  
  66  8:40  Stalker x5  
  70  8:51  Probe  
  70  8:52  Probe x2  
  73  9:00  Stalker  
  73  9:01  Mothership Core  
  73  9:02  Colossus (Chrono Boost)  
  81  9:04  Probe  
  81  9:07  Pylon  
  81  9:08  Pylon  
  84  9:16  Zealot x4  
  84  9:17  Zealot x3  
  94  9:22  Probe  
  94  9:23  Probe x2  
  101  9:30  Zealot  
  103  9:37  Stalker x3  
  103  9:38  Stalker x4  
  113  9:40  Probe  
  113  9:41  Probe x2  
  104  9:57  Blink (Chrono Boost)  
  104  9:59  Colossus (Chrono Boost)  
  108  10:07  Probe  
  108  10:08  Probe  
  108  10:09  Probe  
  108  10:13  Stalker x3  
  117  10:21  Probe  
  118  10:36  Protoss Ground Weapons Level 2  
  118  10:40  Colossus (Chrono Boost)  
  124  10:51  Zealot x4  
  124  10:55  Probe  
  133  11:06  Pylon  
  133  11:09  Pylon  
  133  11:11  Pylon  
  133  11:13  Pylon  
  133  11:23  Probe  
  133  11:24  Probe x2  
  133  11:25  Assimilator  
  136  11:33  Probe  
  136  11:34  Stalker x2  
  136  11:35  Stalker x4  
  136  11:36  Stalker, Nexus  
  136  11:37  Probe x2  
  136  11:38  Pylon  
  153  11:40  Pylon  
  153  11:41  Pylon  
  81  12:10  Zealot x5  
  81  12:11  Zealot x3  
  91  12:22  Probe  
  91  12:23  Probe x2  
  94  12:35  Probe  
  95  12:37  Zealot x3  
  95  12:38  Zealot x5  
  95  12:41  Colossus  
  111  12:46  Templar Archives  
  117  12:58  Stalker x3  
  119  12:59  Stalker x2  
  119  13:03  Stalker  
  119  13:04  Stalker  
  131  13:11  Zealot  
  133  13:20  Protoss Ground Armor Level 1  
  133  13:23  High Templar x3  
  133  13:24  High Templar x2  
  143  13:27  Archon x2  
  138  13:38  Adept  
  140  13:56  High Templar x2  
  140  13:57  High Templar  
  140  13:58  Stalker x3  
  140  14:01  Archon  
  152  14:02  Archon  
  152  14:22  Pylon  
  152  14:24  Pylon  
  152  14:35  Dark Shrine  
  152  14:42  Immortal  
  152  14:49  Stalker x5  
  152  14:50  Stalker x3, Robotics Bay  
  162  15:05  Probe  
  162  15:06  Probe x2  
  161  15:16  Immortal  
  119  15:44  Stalker x2  
  119  15:45  Stalker x4  
  117  16:02  Probe x4  
  121  16:17  Zealot x3  
  107  16:45  Stalker x4  
  107  16:46  Stalker x2  
  95  17:06  Psionic Storm  
  93  17:10  Zealot x4  
  93  17:11  Zealot x2  
  103  17:26  Nexus  
  103  17:35  Robotics Facility  
  103  17:36  Assimilator, Robotics Facility  
  99  17:38  High Templar  
  99  17:39  High Templar x4  
  99  17:40  High Templar  
  99  17:41  Assimilator  
  111  17:57  Archon  
  111  17:58  Archon  
  111  18:00  Archon  
  111  18:12  Zealot x4  
  119  18:13  Zealot x2  
  101  18:52  Zealot x3  
  101  18:53  Zealot x3  
Tags
 
Add a new tag
Caveats
  • Supply blocks, unpowered buildings, or Contaminate may cause inaccurate times.
  • Supply counts are checked every 10 seconds.